AoeStats
← Changretta

Arena

506153219Analyzed
3v3 RM · 19d ago on Sep 12, 2026· 52m 11s· 6 players
Game mode
Random Map
Map size
Normal (6 player)
Population
200
Speed
Normal
Resources
Standard
Victory
Conquest
Starting age
Dark Age
Ending age
Imperial Age
RankedLock teamsTeams togetherTeam positionsShared explorationLock speedFull tech treeHidden civsTurbo modeCheats
Victory
Defeat
🇩🇪 Britons · Germany
778
+13
🇦🇷 Persians · Argentina
727
+16
🇦🇷 Japanese · Argentina
722
+16
🇺🇸 Mapuche · United States
741
-16
🇹🇷 Cumans · Türkiye
709
-15
🇺🇸 Turks · United States
707
-14
matticus23
0:27 Loom
12:10 Feudal Age
12:38 Double-Bit Axe
12:49 Gold Mining
13:42 Wheelbarrow
12:52 Horse Collar
13:07 Stone Mining
13:41 Town Watch
23:26 Castle Age
24:37 Bow Saw
25:10 Gold Shaft Mining
24:41 Heavy Plow
28:59 Hand Cart
31:22 Squires
36:11 Fortified Wall
35:43 Treadmill Crane
36:27 Ballistics
39:56 Imperial Age
38:04 Husbandry
38:15 Bloodlines
37:52 Man-at-Arms
38:20 Arson
39:16 Long Swordsman
43:12 Conscription
JustintimeHi
5:24 Loom
Oguz CareVia
5:54 Loom
11:26 Feudal Age
16:02 Gold Mining
16:03 Stone Mining
16:02 Double-Bit Axe
16:38 Horse Collar
23:11 Castle Age
22:38 Padded Archer Armor
22:30 Fletching
24:41 Bow Saw
25:07 Gold Shaft Mining
24:33 Heavy Plow
25:56 Steppe Husbandry
27:16 Leather Archer Armor
28:04 Ballistics
27:09 Capped Ram
29:13 Bodkin Arrow
29:17 Murder Holes
30:51 Scale Mail Armor
31:02 Forging
35:58 Imperial Age
34:07 Wheelbarrow
36:24 Hand Cart
36:18 Scale Barding Armor
36:29 Chain Mail Armor
36:49 Iron Casting
36:17 Elite Kipchak
38:15 Conscription
38:35 Ring Archer Armor
39:11 Chemistry
40:47 Cuman Mercenaries
48:13 Hoardings
Wobbeking
10:12 Feudal Age
8:45 Loom
11:34 Loom
14:16 Castle Age
12:56 Double-Bit Axe
12:59 Horse Collar
15:18 Bow Saw
19:25 Heavy Plow
20:34 Wheelbarrow
21:25 Gold Mining
22:51 Gold Shaft Mining
22:11 Stone Mining
23:32 Fletching
23:43 Padded Archer Armor
24:08 Ballistics
24:41 Hand Cart
26:51 Town Watch
31:21 Imperial Age
29:06 Bodkin Arrow
29:26 Leather Archer Armor
30:27 Town Patrol
30:16 Elite Skirmisher
31:30 Herbal Medicine
31:46 Fervor
32:30 Conscription
33:15 Two-Man Saw
32:28 Bracer
32:58 Elite Longbowman
35:00 Chemistry
33:51 Heated Shot
33:28 Capped Ram
35:19 Yeomen
35:42 Ring Archer Armor
35:24 Forging
35:19 Scale Barding Armor
35:14 Arrowslits
35:28 Murder Holes
35:15 Treadmill Crane
47:05 Block Printing
47:16 Illumination
47:27 Theocracy
46:52 Devotion
47:13 Sanctity
47:34 Iron Casting
47:00 Scale Mail Armor
47:20 Chain Barding Armor
47:04 Squires
46:24 Pikeman
46:50 Arson
El Beto 912
6:36 Loom
10:55 Feudal Age
13:21 Wheelbarrow
15:41 Gold Mining
21:08 Castle Age
24:08 Hand Cart
27:39 Double-Bit Axe
31:58 Scale Barding Armor
31:55 Scale Mail Armor
31:42 Horse Collar
38:06 Imperial Age
38:19 Chain Barding Armor
38:14 Chain Mail Armor
40:01 Elite War Elephant
43:31 Heavy Camel Rider
Changretta
8:02 Loom
10:47 Feudal Age
11:13 Double-Bit Axe
11:14 Horse Collar
16:12 Wheelbarrow
18:04 Castle Age
18:56 Scale Mail Armor
19:08 Forging
19:12 Gold Mining
19:12 Stone Mining
20:14 Bow Saw
20:36 Chain Mail Armor
21:58 Iron Casting
22:28 Hand Cart
22:26 Heavy Plow
25:55 Caravan
30:45 Imperial Age
30:00 Gold Shaft Mining
30:55 Elite Samurai
31:58 Kataparuto
35:04 Two-Man Saw
34:36 Plate Mail Armor
35:06 Blast Furnace
37:20 Squires
37:05 Arson
37:56 Coinage
42:43 Ballistics
43:24 Chemistry
44:39 Banking
44:11 Onager
Connection lost

Rejoining the realm…

Still unreachable

The connection could not be restored.

Session expired

The server has moved on; the page needs a fresh start.